 Dungeon Crawl Stone Soup version 0.27-a0-828-g8289197e94 (webtiles) character file.

Game seed: 17171401971681511523

44 dickylongcocking the Magician (level 3, 0/25 HPs)
             Began as a Djinni Fire Elementalist on Mar 31, 2021.
             Was a Follower of Cheibriados.
             Slain by an iguana (15 damage)
             ... on level 3 of the Dungeon.
             The game lasted 00:01:19 (3195 turns).

dickylongcocking the Magician (DjFE)                Turns: 3195, Time: 00:01:19

Health: 0/25       AC:  2    Str: 15    XL:     3   Next: 62%
Gold:   77         EV: 16    Int: 19    God:    Cheibriados [*.....] SH:  0 Dex: 15

rFire    + + .     SeeInvis .   d - +0 long sword
rCold    x . .     Faith    .   (no shield)
rNeg     . . .     Spirit   .   a - +0 robe
rPois    ∞         Reflect  .   (no helmet)
rElec    .         Harm     .   (no cloak)
rCorr    .         Rampage  .   (no gloves)
Will     .....                  (boots unavailable)
Stlth    ++........             (no amulet)
HPRegen  0.08/turn              l - +6 ring of strength
MPRegen  0.00/turn              b - +4 ring of evasion

@: flying, very slow
A: fire resistance 2, cold vulnerability 1, float, innate caster, hp casting,
extra vitality 1
a: Renounce Religion, Bend Time


You were on level 3 of the Dungeon.
You worshipped Cheibriados.
Cheibriados was aware of your devotion.
You visited 1 branch of the dungeon, and saw 3 of its levels.

You collected 77 gold pieces.

Inventory:

Hand Weapons
 c - a +0 dagger
 d - a +0 long sword (weapon)
Armour
 a - a +0 robe (worn)
Jewellery
 b - a +4 ring of evasion (right hand)
 k - a ring of resist corrosion
 l - a +6 ring of strength (left hand)
Scrolls
 i - 2 scrolls of immolation {unknown}
 m - a scroll of enchant armour {unknown}
 o - a scroll of enchant weapon {unknown}
Potions
 e - 2 potions of might {unknown}
 f - a potion of lignification {unknown}
 g - a potion of curing {unknown}
 h - a potion of degeneration {unknown}
 j - a potion of attraction {unknown}
 n - a potion of invisibility {unknown}


   Skills:
 + Level 0.2 Fighting
 + Level 0.6 Long Blades
 + Level 2.3 Dodging
 + Level 1.9 Stealth
 + Level 3.5 Spellcasting


You couldn't memorise any spells.
You knew the following spells:

 Your Spells              Type           Power      Damage    Failure   Level
a - Foxfire               Conj/Fire      64%        2x1d7     3%          1
b - Conjure Flame         Conj/Fire      16%        6-21      10%         3
c - Inner Flame           Hex/Fire       16%        N/A       10%         3
d - Sticky Flame          Conj/Fire      16%        2d4       32%         4
e - Fireball              Conj/Fire      8%         3d6       67%         5
f - Sting                 Tmut/Pois      64%        1d6       3%          1
Your spell library was empty.

Dungeon Overview and Level Annotations

Branches:
Dungeon (3/15)

Altars:
Ashenzari
Cheibriados
Nemelex Xobeh
Qazlal
Sif Muna
Wu Jian
Zin

Shops:
D:1 *


Innate Abilities, Weirdness & Mutations

You are immune to poison.
Your flesh is very heat resistant. (rF++)
You are vulnerable to cold. (rC-)
You float through the air rather than walking.
You learn spells naturally, not from books.
Your magical power is your life essence.
You have superior vitality. (+4 HP)


Message History

Found a scale mail.
No target in view!
Found a paperback book.
No target in view!
Found an escape hatch in the ceiling.
An iguana comes into view.
Casting: Foxfire (safe; 3% risk of failure)
Confirm with . or Enter, or press ? or * to list all spells.
You conjure some foxfire!
The iguana hisses angrily.
The foxfire hits the iguana.
The iguana is lightly wounded.
Unknown command.
Casting: Foxfire (safe; 3% risk of failure)
Confirm with . or Enter, or press ? or * to list all spells.
You conjure some foxfire!
The foxfire hits the iguana but does no damage.
The iguana is lightly wounded.
Unknown command.
Casting: Foxfire (safe; 3% risk of failure)
Confirm with . or Enter, or press ? or * to list all spells.
You conjure some foxfire!
The foxfire hits the iguana!
The iguana is heavily wounded.
The iguana completely misses you.
You riposte.
You hit the iguana but do no damage.
The iguana is heavily wounded.
An iguana is nearby!
Unknown command.
Your foxfire dissipates!
The foxfire hits the iguana but does no damage.
The iguana is heavily wounded.
Casting: Foxfire (safe; 3% risk of failure)
Confirm with . or Enter, or press ? or * to list all spells.
You conjure some foxfire!
The iguana bites you.
Unknown command.
Casting: Foxfire (safe; 3% risk of failure)
Confirm with . or Enter, or press ? or * to list all spells.
You conjure some foxfire!
The iguana bites you!
Ouch! That really hurt!
You die...

###### #####...#..
.:.#......########
#............ ..#
###......[...# ..#
#...........v###..#.###
#.#.........v@l........
............v###..#?##.
#........#####..#
#....#...#..<....... .
#. #.##.########..### .
##.##.##.# ..# .
#...#.##.########..# .
#...#.##...........#
.##........########.


You could see an iguana (ally target).

Vanquished Creatures
  A worm (D:2)
  A dart slug (D:1)
  A ball python (D:1)
  5 bats
  3 endoplasms
  3 giant cockroaches
  5 goblins
  3 hobgoblins
  4 jackals
  2 kobolds (D:1)
  2 quokkas
  2 frilled lizards
  3 rats
35 creatures vanquished.

Vanquished Creatures (others)
  93 foxfires
93 creatures vanquished.

Grand Total: 128 creatures vanquished

Notes
Turn   | Place    | Note
-------+----------+-------------------------------------------
     0 | D:1      | dickylongcocking the Djinni Fire Elementalist began the
                  | quest for the Orb.
     0 | D:1      | Reached XP level 1. HP: 15/15 MP: 0/0
   324 | D:1      | Reached skill level 3 in Spellcasting
   420 | D:1      | Found Pikuoc's General Store.
   426 | D:1      | Reached XP level 2. HP: 18/21 MP: 0/0
   465 | D:1      | Found a snail-covered altar of Cheibriados.
   479 | D:1      | Became a worshipper of Cheibriados the Contemplative
  1364 | D:1      | Reached XP level 3. HP: 25/25 MP: 0/0
  1364 | D:1      | Learned a level 1 spell: Sting
  1750 | D:2      | Reached * piety under Cheibriados
  1778 | D:2      | Found a faded altar of an unknown god.
  2734 | D:2      | Found a glowing silver altar of Zin.
  2740 | D:2      | Found a sparkling altar of Nemelex Xobeh.
  2745 | D:2      | Found a stormy altar of Qazlal.
  2892 | D:2      | Found a broken altar of Ashenzari.
  2892 | D:2      | Found an ornate altar of the Wu Jian Council.
  3195 | D:3      | Slain by an iguana

Illustrated notes

Levels and vault maps discovered:
D:1:      roderic_lyre, layout_basic, serial_shops, shop, cheibriados_altar_1
D:2:      layout_basic, chequers_temple_overflow_statue_of_worship,
          minmay_overflow_temple_star_quad, chequers_ecumenical_altar_island,
          minmay_pentomino_o2
D:3:      layout_loops_ring, serial_park_tiny_1, lemuel_altar_in_water

Skill      XL: |  1 |
---------------+----+-----
Spellcasting   | 3 |  3.5
Fighting       | |  0.2
Long Blades    | |  0.6
Dodging        | |  2.3
Stealth        | |  1.9

Action                   || total
-------------------------++-------
Melee: Long sword        ||    25
       Dagger            ||     4
       Unarmed           ||     1
 Cast: Foxfire           ||    66
 Stab: Sleeping          ||     5
Armor: Robe              ||    10
Dodge: Dodged            ||    29
       Rpst.: Long sword ||    12

Table legend: (Time is in decaauts)
 A = Elapsed time spent in this place.
 B = Non-inter-level travel time spent in this place.
 C = Inter-level travel time spent in this place.
 D = Time resting spent in this place.
 E = Time spent auto-exploring this place.
 F = Levels seen in this place.
 G = Mean time per level.
                   A        B        C        D        E       F      G
               +--------+--------+--------+--------+--------+-----+--------+
         Total |   3631 |   3523 |    108 |    279 |   2959 |   3 | 1210.3 |
       Dungeon |   3631 |   3523 |    108 |    279 |   2959 |   3 | 1210.3 |
               +--------+--------+--------+--------+--------+-----+--------+

Top non-repeatable levels by time:
     D:2: 1771 daAuts
     D:1: 1674 daAuts
     D:3: 185 daAuts
